 Dungeon Crawl Stone Soup version 0.31.0-12-g77e489cdc1 (webtiles) character file.

Game seed: 7179847447009712754

46 Fodor the Shield-Bearer (level 3, -1/33 HPs)
             Began as a Minotaur Fighter on Feb 26, 2024.
             Slain by a gnoll
             ... wielding a +0 whip
              (4 damage)
             ... on level 2 of the Dungeon.
             The game lasted 00:05:26 (799 turns).

Fodor the Shield-Bearer (Minotaur Fighter)           Turns: 799, Time: 00:05:26

Health: -1/33      AC:  9    Str: 22    XL:     3   Next: 44%
Magic:  2/2        EV:  8    Int:  5    God:
Gold:   41         SH:  4    Dex:  9    Spells: 2/2 levels left

rFire   . . .        a - +0 war axe
rCold   . . .        c - +0 buckler
rNeg    . . .        f - +0 chain mail
rPois   .            (helmet restricted)
rElec   .            (no cloak)
rCorr   .            (no gloves)
SInv    .            (no boots)
Will    +....        (no amulet) Stlth
                     j - ring of willpower
HPRegen 0.25/turn    (no ring)
MPRegen 0.08/turn

%: no passive effects
@: no status effects
A: horns 2, retaliatory headbutt
a: no special abilities


You were on level 2 of the Dungeon.
You visited 1 branch of the dungeon, and saw 2 of its levels.

You collected 41 gold pieces.

Inventory:

Hand Weapons
 a - a +0 war axe (weapon)
Armour
 c - a +0 buckler (worn)
 f - a +0 chain mail (worn)
Jewellery
 j - a ring of willpower (left hand)
Scrolls
 b - a scroll of amnesia {unknown}
 e - a scroll of brand weapon {unknown}
 g - 2 scrolls of identify {unknown}
 h - a scroll of enchant weapon {unknown}
 k - a scroll of vulnerability {unknown}
 l - a scroll of enchant armour {unknown}
Potions
 d - a potion of might
 i - 2 potions of mutation {unknown}
 m - a potion of degeneration {unknown}


   Skills:
 + Level 4.1 Fighting
 + Level 3.5 Axes
 + Level 3.9 Armour
 + Level 4.1 Shields


You had 2 spell levels left.
You didn't know any spells.
Your spell library contained the following spells:

 Spells                   Type           Power      Damage    Failure   Level
 Kiss of Death            Conj/Necr      0%         2d5       99%         1
 Shock                    Conj/Air       0%         1d3       99%         1
 Confusing Touch          Hex            0%         N/A       100%        3
 Swiftness                Air            0%         N/A       100%        3
 Airstrike                Air            0%         2d(0-16)  100%        4
 Dispel Undead            Necr           0%         3d6       100%        4


Dungeon Overview and Level Annotations

Branches:
Dungeon (2/15)

Altars:

Shops:
D:2 :


Innate Abilities, Weirdness & Mutations

You have a pair of horns on your head.
You reflexively headbutt those who attack you in melee.


Message History

The gnoll attacks as it pursues you! The gnoll hits you with a +0 whip.
The gnoll hits you but does no damage.
A gnoll comes into view. It is wielding a +0 club.
You see here a coppery potion.
The gnoll hits you but does no damage. The gnoll closely misses you.
The gnoll attacks as it pursues you! The gnoll hits you with a +0 whip.
You slash the gnoll! You headbutt the gnoll.
The gnoll is severely wounded.
You hit the giant cockroach but do no damage.
The giant cockroach barely misses you. You block the gnoll's attack.
The gnoll hits you with a +0 whip.
The giant cockroach bites you but does no damage.
You closely miss the gnoll.
The gnoll is severely wounded.
You slash the giant cockroach!
You kill the giant cockroach!
The gnoll hits you from afar with a +0 halberd.
The gnoll hits you with a +0 flail. The gnoll hits you but does no damage.
The gnoll hits you with a +0 halberd. You block the gnoll's attack.
You hit the gnoll but do no damage. You headbutt the gnoll.
The gnoll is lightly wounded.
You hit the gnoll but do no damage. x2; The gnoll barely misses you. x2
The gnoll hits you with a +0 flail. The gnoll hits you with a +0 whip.
* * * LOW HITPOINT WARNING * * *
You block the gnoll's attack. The gnoll misses you.
You barely miss the gnoll.
The gnoll is lightly wounded.
You hit the gnoll. You barely miss the gnoll.
You hit the gnoll but do no damage. The gnoll barely misses you.
You furiously retaliate!
You headbutt the gnoll. The gnoll hits you but does no damage.
The gnoll hits you with a +0 halberd.
* * * LOW HITPOINT WARNING * * *
You block the gnoll's attack. The gnoll barely misses you.
You furiously retaliate!
You headbutt the gnoll. You slash the gnoll!
The gnoll is severely wounded.
You barely miss the gnoll. x2; You closely miss the gnoll.
The gnoll hits you with a +0 whip.
You die...

#.†.†....###.##.#..#...........
#..............................
###........##........#...........
...........##........#####....###
.##........##.#.....## #.......
....##.######.#.....# #...####
.#####.# ......## ....# .#####.#
####.########8#.## .......#
#.@g........(..#
.#...##########ggg.....8.∩.8..
.............##.........#<###
##...#######.............8..#
##### ####.#.........#.#
#............... #.........###.##
###..###..# # #.......#


You could see 4 gnolls.

Vanquished Creatures
  An adder (D:2)
  2 ribbon worms (D:2)
  4 endoplasms
  2 giant cockroaches
  2 goblins
  2 hobgoblins (D:1)
  4 kobolds (D:1)
  5 quokkas
  3 ball pythons
  3 bats
  A frilled lizard (D:2)
29 creatures vanquished.

Notes
Turn   | Place    | Note
-------+----------+-------------------------------------------
     0 | D:1      | Fodor the Minotaur Fighter began the quest for the Orb.
     0 | D:1      | Reached XP level 1. HP: 19/19 MP: 0/0
    46 | D:1      | Reached XP level 2. HP: 18/27 MP: 1/1
   184 | D:1      | Found a faded altar of an unknown god.
   626 | D:2      | Reached XP level 3. HP: 27/33 MP: 2/2
   777 | D:2      | Found Ituwk's Book Boutique.
   799 | D:2      | Slain by a gnoll

Illustrated notes

Levels and vault maps discovered:
D:1:      dpeg_arrival_simpleton_a, layout_rooms,
          hellmonk_ecumenical_altar_run_dry, nrook_mini_backslash,
          kennysheep_another_room, chequers_garden
D:2:      layout_loops_cross, serial_shops, nicolae_shop_statue_plus

Skill      XL: |  1  2 |
---------------+-------+-----
Shields        | 4 |  4.1
Fighting       | 4 |  4.1
Axes           | 3 |  3.5
Armour         | |  3.9

Action                     || total
---------------------------++-------
  Melee: War axe           ||    61
         Headbutt          ||     9
 Armour: Scale mail        ||    22
         Chain mail        ||    46
  Dodge: Dodged            ||    41
  Block: Buckler           ||    22
